 Dungeon Crawl Stone Soup version 0.29-a0-813-g4a14ea37d6 (webtiles) character file.

Game seed: 2698215155959870378

960 kevlar127 the Ruffian (level 7, -9/111 HPs)
             Began as a Troll Berserker on July 5, 2022.
             Was a Priest of Trog.
             Mangled by a stone giant zombie (18 damage)
             ... on level 1 of the Abyss.
             The game lasted 00:07:19 (3762 turns).

kevlar127 the Ruffian (Troll Berserker)             Turns: 3762, Time: 00:07:20

Health: -9/111     AC:  4    Str: 28    XL:     7   Next: 92%
Magic:  6/6        EV: 10    Int:  3    God:    Trog [***...]
Gold:   254        SH:  0    Dex:  9    Spells: 6/6 levels left

rFire   . . .      SeeInvis .     - Unarmed
rCold   . . .      Faith    .   (no shield)
rNeg    . . .      Spirit   .   a - +0 animal skin
rPois   .          Reflect  .   (helmet restricted)
rElec   .          Harm     .   (no cloak)
rCorr   .          Rampage  .   (gloves unavailable)
Will    ++...                   (boots unavailable)
Stlth   ..........              (no amulet)
HPRegen 2.08/turn               (no ring)
MPRegen 0.10/turn               (no ring)

@: berserking, strong-willed, regenerating, very quick
A: large, unfitting armour, claws 3, regeneration 1, shaggy fur 1, tough skin 1
a: Renounce Religion, Berserk, Trog's Hand


You were on level 1 of the Abyss.
You worshipped Trog.
Trog was most pleased with you.
You visited 1 branch of the dungeon, and saw 6 of its levels.
You visited the Abyss 1 time.

You collected 254 gold pieces.

Inventory:

Missiles
 g - 40 stones (quivered)
 n - 6 boomerangs
 u - 6 large rocks
Armour
 a - a +0 animal skin (worn)
Jewellery
 l - the amulet of the Air {Inacc Air Fly rElec RMsl}
   (You found it on level 3 of the Dungeon)

   [amulet of nothing]

   It reduces the accuracy of all your attacks.
   It enhances your air magic.
   rElec:     It insulates you from electricity.
   Fly:       It grants you flight.
   RMsl:      It protects you from missiles.
Wands
 q - a wand of iceblast (17)
 w - a wand of flame (10)
 x - a wand of charming (17)
Scrolls
 b - a scroll of noise {unknown}
 c - 4 scrolls of teleportation {unknown}
 h - 2 scrolls of magic mapping {unknown}
 i - 2 scrolls of fear {unknown}
 j - 2 scrolls of identify {unknown}
 o - a scroll of poison {unknown}
 r - a scroll of enchant weapon {unknown}
 s - a scroll of amnesia {unknown}
 t - a scroll of summoning {unknown}
 v - a scroll of enchant armour {unknown}
 y - a scroll of immolation {unknown}
Potions
 d - 3 potions of degeneration {unknown}
 e - 7 potions of heal wounds {unknown}
 f - 2 potions of curing {unknown}
 k - 2 potions of ambrosia {unknown}
 m - 3 potions of attraction {unknown}
 p - a potion of magic {unknown}


   Skills:
 + Level 5.7 Fighting
 + Level 0.5 Throwing
 - Level 3.0 Dodging
 + Level 6.9 Unarmed Combat


You had 6 spell levels left.
You didn't know any spells.
Your spell library was empty.

Dungeon Overview and Level Annotations

Branches:
Dungeon (6/15)
 Temple: D:4-7

Altars:
Hepliaklqana

Shops:
D:3 :

Annotations:
D:5 1 runed translucent door, purpskrrrp's ghost, novice VSWn
D:6 Maggie


Innate Abilities, Weirdness & Mutations

You are too large for most types of armour.
You have claws for hands.
Your natural rate of healing is unusually fast.
You are covered in fur. (AC +1)
You have tough skin. (AC +1)


Message History

Unknown command.
You are too injured to fight recklessly!
You are too injured to fight recklessly!
You are too injured to fight recklessly!
You are too injured to fight recklessly!
You are too injured to fight recklessly!
You are too injured to fight recklessly!
You are too injured to fight recklessly!
You are too injured to fight recklessly!
You are too injured to fight recklessly!
Your skin crawls.
You feel strong-willed.
A red film seems to cover your vision as you go berserk!
You feel yourself moving faster!
You feel mighty! The stone giant zombie hits you!!
You mangle the stone giant zombie!!
The stone giant zombie is lightly damaged.
The stone giant zombie hits you!
* * * LOW HITPOINT WARNING * * *
You mangle the stone giant zombie!!
The stone giant zombie is moderately damaged.
You mangle the stone giant zombie!! You claw the stone giant zombie!
The stone giant zombie is severely damaged.
The stone giant zombie barely misses you.
You completely miss the stone giant zombie.
The stone giant zombie is severely damaged.
You scratch the stone giant zombie. You claw the stone giant zombie.
The stone giant zombie is severely damaged.
The stone giant zombie hits you!!
* * * LOW HITPOINT WARNING * * *
You mangle the stone giant zombie!!
The stone giant zombie is severely damaged.
Unknown command.
You claw the stone giant zombie!
The stone giant zombie is almost destroyed.
The orange demon screeches!
You claw the stone giant zombie!
The stone giant zombie is almost destroyed.
The stone giant zombie hits you!!
You die...

...#............ . ..
.
....#.....###.........
....... ..##...... ...
#......#..#..........
.##.....4#.....
....... ........§§#.##
.. .... .
.......§§§.##..... ..
. ............##.## ##
# ......Z@...........
..
##.##....#..##...#.#
.........#.# .#
###...#.#....#.# #
#####..#...# ..#
.......... #### .....
#. .. ##


You could see an orange demon and a stone giant zombie.

Vanquished Creatures
  A water moccasin (D:5)
  An ice beast (D:3)
  An ogre (D:5)
  A phantom (D:5)
  A scorpion (D:5)
  3 hounds
  An orc priest (D:5)
  Ijyb (D:4)
  4 iguanas
  2 orc wizards (D:5)
  A small abomination (Abyss:1)
  4 gnolls (D:5)
  9 adders
  A white imp (D:3)
  2 ufetubi
  4 dart slugs
  5 orcs (D:5)
  7 endoplasms
  2 goblins (D:2)
  6 hobgoblins
  8 jackals (D:4)
  6 quokkas
  3 ball pythons
  9 bats
  3 frilled lizards
  7 kobolds
  2 rats
95 creatures vanquished.

Notes
Turn   | Place    | Note
-------+----------+-------------------------------------------
     0 | D:1      | kevlar127 the Troll Berserker began the quest for the Orb.
     0 | D:1      | Reached XP level 1. HP: 22/22 MP: 0/0
   312 | D:1      | Reached XP level 2. HP: 29/29 MP: 1/1
   917 | D:2      | Reached XP level 3. HP: 36/36 MP: 2/2
   969 | D:2      | Found a hazy altar of Hepliaklqana.
   986 | D:2      | Reached ** piety under Trog
  1430 | D:3      | Found the amulet of the Air {Inacc Air Fly rElec RMsl}
  1469 | D:3      | Found Veac's Book Shop.
  1501 | D:3      | Reached XP level 4. HP: 45/45 MP: 3/3
  1842 | D:3      | Noticed an ice beast
  1851 | D:3      | Killed an ice beast
  1852 | D:3      | Reached skill level 4 in Unarmed Combat
  1852 | D:3      | Reached XP level 5. HP: 42/54 MP: 4/4
  2638 | D:4      | Noticed Ijyb
  2647 | D:4      | Killed Ijyb
  2648 | D:4      | Reached skill level 5 in Unarmed Combat
  2648 | D:4      | Reached XP level 6. HP: 61/62 MP: 5/5
  2931 | D:5      | Entered Level 5 of the Dungeon
  2959 | D:5      | Reached *** piety under Trog
  2996 | D:5      | Noticed a water moccasin
  3002 | D:5      | Killed a water moccasin
  3011 | D:5      | Reached XP level 7. HP: 71/71 MP: 6/6
  3076 | D:5      | Reached skill level 5 in Fighting
  3076 | D:5      | Reached skill level 6 in Unarmed Combat
  3376 | D:5      | Found a runed translucent door.
  3376 | D:5      | Noticed purpskrrrp's ghost (novice VSWn)
  3712 | D:6      | Noticed Maggie
  3719 | Abyss:1  | Cast into level 1 of the Abyss (Maggie)
  3762 | Abyss:1  | Noticed an orange demon
  3762 | Abyss:1  | Mangled by a stone giant zombie

Illustrated notes

Levels and vault maps discovered:
D:1:      erik_arrival_orb_chamber, layout_basic, serial_forest,
          infiniplex_forest_straight_1, infiniplex_forest_lined_1,
          infiniplex_forest_clump_cross, infiniplex_forest_clump_diagonal,
          infiniplex_forest_straight_3, roderic_serpentine_path
D:2:      layout_loops_ring, basic_altar
D:3:      layout_basic, serial_shops, nicolae_shop_trees
D:4:      layout_cave_pods, uniq_ijyb
D:5:      layout_loops_ring, gammafunk_ghost_grave
D:6:      layout_basic, okawaru_gym_becter, minmay_temple_entry_antechambers,
          portal_sewer_entry_d, uniq_duvessa, uniq_maggie
Abyss:1:  base:
D:5

Skill      XL: |  1  2  3  4  5  6  7 |
---------------+----------------------+-----
Fighting       | 3 4 5 |  5.7
Dodging        | 3 |  3.0
Unarmed Combat | 4 5 6 |  6.9
Throwing       | |  0.5

Action                   |  1- 3 |  4- 6 |  7- 9 || total
-------------------------+-------+-------+-------++-------
Melee: Unarmed           |    74 |   119 |    71 ||   264
       Punch             |     2 |     3 |     3 ||     8
Invok: Berserk           |       |       |     1 ||     1
       Trog's Hand       |       |       |     1 ||     1
 Stab: Sleeping          |     1 |       |     1 ||     2
Armor: Animal skin       |    29 |    39 |    10 ||    78
Dodge: Dodged            |    35 |    75 |    25 ||   135

Table legend: (Time is in decaauts)
 A = Elapsed time spent in this place.
 B = Non-inter-level travel time spent in this place.
 C = Inter-level travel time spent in this place.
 D = Time resting spent in this place.
 E = Time spent auto-exploring this place.
 F = Levels seen in this place.
 G = Mean time per level.
                   A        B        C        D        E       F      G
               +--------+--------+--------+--------+--------+-----+--------+
         Total |   3735 |   3651 |     84 |      0 |   3104 |   7 |  533.6 |
       Dungeon |   3696 |   3612 |     84 |      0 |   3081 |   6 |  616.0 |
         Abyss |     38 |     38 |      0 |      0 |     23 |   1 |   38.0 |
               +--------+--------+--------+--------+--------+-----+--------+

Top non-repeatable levels by time:
     D:3: 841 daAuts
     D:1: 785 daAuts
     D:5: 748 daAuts
     D:4: 680 daAuts
     D:2: 610 daAuts
 Abyss:1: 38 daAuts
     D:6: 30 daAuts
